AoeStats
← FallingELO

Four Lakes

510142475Analyzed
1v1 RM · 3d ago on Sep 29, 2026· 21m 31s· 2 players
Game mode
Random Map
Map size
Tiny (2 player)
Population
200
Speed
Normal
Resources
Standard
Victory
Conquest
Starting age
Dark Age
Ending age
Imperial Age
RankedLock teamsTeams togetherTeam positionsShared explorationLock speedFull tech treeHidden civsTurbo modeCheats
Victory
Defeat
🇺🇸 Varangians · United States
847
+15
🇬🇧 Byzantines · United Kingdom
821
-15
gamerbal
6:37 Loom
11:02 Feudal Age
11:11 Man-at-Arms
12:27 Double-Bit Axe
12:23 Horse Collar
13:03 Arson
16:13 Wheelbarrow
16:18 Fletching
17:38 Fishing Lines
21:37 Castle Age
20:50 Forging
FallingELO
5:22 Loom
12:26 Feudal Age
14:06 Double-Bit Axe
16:24 Castle Age
16:48 Fletching
18:30 Bow Saw
19:08 Scale Barding Armor
19:14 Forging
19:00 Bodkin Arrow
Connection lost

Rejoining the realm…

Still unreachable

The connection could not be restored.

Session expired

The server has moved on; the page needs a fresh start.